[ PARTIDA AOE2 · #479313761 ]
Team RMCeltas vs Persians
[ ANÁLISIS DE REPETICIÓN · EXTRAÍDO DE LA PARTIDA GRABADA ]
Feudal
14:28
Castillos
18:34
Imperial
38:00
| APM promedio | 26.7 |
| APM pico | 67 |
| eAPM promedio | 16.0 |
| Aldeanos / militares | 136 / 165 |
Foco
⚔️ 34.2% · 🌾 65.8%
Woad Raider ×143 · Spearman ×22
Feudal
14:55
Castillos
18:44
Imperial
—
| APM promedio | 32.9 |
| APM pico | 74 |
| eAPM promedio | 22.2 |
| Aldeanos / militares | 131 / 107 |
Foco
⚔️ 25.7% · 🌾 74.3%
Knight ×77 · Scorpion ×22 · Monk ×5 · Scout Cavalry ×1 · Mangonel ×1 · Camel Scout ×1
Feudal
12:56
Castillos
26:31
Imperial
—
| APM promedio | 38.6 |
| APM pico | 74 |
| eAPM promedio | 17.4 |
| Aldeanos / militares | 108 / 70 |
Foco
⚔️ 16.8% · 🌾 83.2%
Mangudai ×34 · Scout Cavalry ×23 · Knight ×7 · Battering Ram ×5 · Monk ×1
Feudal
12:26
Castillos
28:18
Imperial
—
| APM promedio | 46.1 |
| APM pico | 96 |
| eAPM promedio | 16.3 |
| Aldeanos / militares | 41 / 126 |
Foco
⚔️ 44.1% · 🌾 55.9%
Archer ×122 · Spearman ×4
Mapa de la partida
Recursos iniciales + cada clic de construcción. Líneas = muros · curvas = relieve. ◆ oro · ⬟ piedra · ● bayas · ✦ reliquia · ◌ hueco del cierre
Tu base· ✓ Cerrada en 18:34 · 65t muro · sin puerta
Base de El kaiser· Abierta — flanco sin cerrar
Base de PapaSmurf· Abierta — flanco sin cerrar
Base de AutoEveryThing· Abierta — flanco sin cerrar
Terreno inicial suavizado · ◌ = hueco del cierre detectado · pasá el cursor para detalles
Inputs por minuto
— el pepe - - El kaiser
Build order — el pepe
Primeras 150 de 432 acciones detectadas
| 0:35 | Construir | Town Center |
| 2:25 | Construir | House |
| 2:43 | Crear | Villager (Male) |
| 2:43 | Crear | Villager (Male) |
| 2:44 | Crear | Villager (Male) |
| 3:02 | Crear | Villager (Male) |
| 3:02 | Crear | Villager (Male) |
| 3:41 | Crear | Villager (Male) |
| 3:41 | Crear | Villager (Male) |
| 4:00 | Crear | Villager (Male) |
| 4:00 | Crear | Villager (Male) |
| 4:32 | Construir | House |
| 4:35 | Construir | Lumber Camp |
| 4:37 | Crear | Villager (Male) |
| 4:49 | Crear | Villager (Male) |
| 5:11 | Crear | Villager (Male) |
| 5:11 | Crear | Villager (Male) |
| 5:45 | Construir | House |
| 5:53 | Construir | House |
| 5:59 | Crear | Villager (Male) |
| 5:59 | Crear | Villager (Male) |
| 5:59 | Crear | Villager (Male) |
| 5:59 | Crear | Villager (Male) |
| 6:50 | Crear | Villager (Male) |
| 7:17 | Crear | Villager (Male) |
| 7:31 | Crear | Villager (Male) |
| 7:38 | Crear | Villager (Male) |
| 8:11 | Crear | Villager (Male) |
| 8:28 | Construir | Mill |
| 8:35 | Construir | House |
| 8:43 | Crear | Villager (Male) |
| 9:00 | Crear | Villager (Male) |
| 9:36 | Crear | Villager (Male) |
| 9:59 | Construir | Mining Camp |
| 10:03 | Crear | Villager (Male) |
| 10:26 | Crear | Villager (Male) |
| 10:26 | Crear | Villager (Male) |
| 10:33 | Construir | House |
| 10:36 | Construir | Palisade Wall |
| 10:48 | Construir | House |
| 10:50 | Construir | Palisade Wall |
| 10:51 | Construir | Palisade Wall |
| 10:52 | Construir | Palisade Wall |
| 10:53 | Construir | Palisade Wall |
| 11:09 | Crear | Villager (Male) |
| 11:10 | Investigar | Feudal Age |
| 11:54 | Construir | House |
| 11:57 | Construir | Palisade Wall |
| 12:04 | Construir | Palisade Wall |
| 12:33 | Construir | Palisade Wall |
| 12:38 | Construir | Palisade Wall |
| 12:42 | Crear | Villager (Male) |
| 13:10 | Construir | Palisade Wall |
| 13:12 | Construir | Palisade Wall |
| 13:23 | Crear | Villager (Male) |
| 13:28 | Construir | Mining Camp |
| 13:46 | Crear | Villager (Male) |
| 14:28 | Edad | Edad Feudal |
| 14:33 | Construir | Blacksmith |
| 14:43 | Construir | Market |
| 15:33 | Investigar | Double-Bit Axe |
| 15:54 | Investigar | Castle Age |
| 16:31 | Investigar | Horse Collar |
| 17:33 | Crear | Villager (Male) |
| 17:34 | Crear | Villager (Male) |
| 18:34 | Edad | Edad de los Castillos |
| 18:37 | Crear | Villager (Male) |
| 18:41 | Construir | Town Center |
| 18:52 | Construir | Town Center |
| 18:57 | Investigar | Stone Mining |
| 19:04 | Construir | Farm |
| 19:05 | Construir | Farm |
| 19:05 | Construir | Farm |
| 19:06 | Construir | Farm |
| 19:06 | Construir | Farm |
| 19:45 | Crear | Villager (Male) |
| 19:46 | Crear | Villager (Male) |
| 20:09 | Construir | Farm |
| 20:09 | Construir | Farm |
| 20:10 | Construir | Farm |
| 20:14 | Construir | Farm |
| 20:24 | Construir | Castle |
| 20:28 | Construir | Farm |
| 20:30 | Crear | Villager (Male) |
| 20:47 | Construir | Farm |
| 20:48 | Construir | Farm |
| 20:48 | Construir | Farm |
| 21:02 | Crear | Villager (Male) |
| 21:03 | Crear | Villager (Male) |
| 21:08 | Crear | Villager (Male) |
| 21:08 | Crear | Villager (Male) |
| 21:32 | Construir | Farm |
| 21:34 | Crear | Villager (Male) |
| 21:35 | Crear | Villager (Male) |
| 21:41 | Crear | Villager (Male) |
| 21:41 | Crear | Villager (Male) |
| 21:49 | Construir | Farm |
| 21:50 | Construir | Farm |
| 21:50 | Construir | Farm |
| 22:01 | Crear | Woad Raider |
| 22:01 | Crear | Woad Raider |
| 22:10 | Crear | Woad Raider |
| 22:10 | Crear | Woad Raider |
| 22:32 | Crear | Woad Raider |
| 22:32 | Crear | Woad Raider |
| 22:37 | Construir | Farm |
| 22:43 | Construir | Farm |
| 22:45 | Crear | Woad Raider |
| 22:46 | Crear | Woad Raider |
| 23:02 | Crear | Woad Raider |
| 23:02 | Crear | Woad Raider |
| 23:11 | Crear | Woad Raider |
| 23:12 | Crear | Woad Raider |
| 23:28 | Crear | Woad Raider |
| 23:46 | Crear | Woad Raider |
| 23:47 | Crear | Woad Raider |
| 23:52 | Construir | Farm |
| 23:52 | Construir | Farm |
| 23:52 | Construir | Farm |
| 23:53 | Construir | Farm |
| 24:04 | Investigar | Scale Mail Armor |
| 24:41 | Crear | Villager (Male) |
| 24:42 | Crear | Villager (Male) |
| 24:42 | Crear | Villager (Male) |
| 24:46 | Construir | Farm |
| 24:46 | Construir | Farm |
| 24:49 | Crear | Villager (Male) |
| 24:49 | Crear | Villager (Male) |
| 24:49 | Crear | Villager (Male) |
| 25:21 | Crear | Villager (Male) |
| 25:21 | Crear | Villager (Male) |
| 25:22 | Crear | Villager (Male) |
| 25:22 | Crear | Villager (Male) |
| 25:22 | Crear | Villager (Male) |
| 26:03 | Crear | Woad Raider |
| 26:03 | Crear | Woad Raider |
| 26:04 | Crear | Woad Raider |
| 26:04 | Crear | Woad Raider |
| 26:13 | Construir | Farm |
| 26:18 | Construir | Mill |
| 26:19 | Construir | Farm |
| 26:19 | Construir | Farm |
| 26:19 | Construir | Farm |
| 26:20 | Construir | Farm |
| 26:23 | Crear | Villager (Male) |
| 26:24 | Crear | Villager (Male) |
| 26:24 | Crear | Villager (Male) |
| 26:37 | Construir | Mining Camp |
| 26:41 | Crear | Woad Raider |
| 26:42 | Crear | Woad Raider |
Build order — El kaiser
Primeras 150 de 391 acciones detectadas
| 0:47 | Construir | Town Center |
| 2:29 | Construir | House |
| 2:32 | Construir | House |
| 2:51 | Crear | Villager (Male) |
| 2:51 | Crear | Villager (Male) |
| 2:51 | Crear | Villager (Male) |
| 3:09 | Crear | Villager (Male) |
| 3:22 | Crear | Villager (Male) |
| 4:32 | Crear | Villager (Male) |
| 5:00 | Crear | Villager (Male) |
| 5:19 | Construir | Mill |
| 5:26 | Construir | House |
| 5:42 | Crear | Villager (Male) |
| 5:43 | Crear | Villager (Male) |
| 6:15 | Crear | Villager (Male) |
| 6:15 | Crear | Villager (Male) |
| 6:50 | Crear | Villager (Male) |
| 7:04 | Construir | House |
| 7:06 | Construir | Mill |
| 7:12 | Crear | Villager (Male) |
| 7:30 | Crear | Villager (Male) |
| 7:36 | Crear | Villager (Male) |
| 8:18 | Crear | Villager (Male) |
| 8:50 | Crear | Villager (Male) |
| 9:10 | Crear | Villager (Male) |
| 9:25 | Crear | Villager (Male) |
| 9:28 | Construir | House |
| 9:29 | Construir | House |
| 9:51 | Crear | Villager (Male) |
| 10:26 | Crear | Villager (Male) |
| 10:39 | Crear | Villager (Male) |
| 10:39 | Crear | Villager (Male) |
| 10:40 | Crear | Villager (Male) |
| 10:40 | Crear | Villager (Male) |
| 11:16 | Construir | Lumber Camp |
| 11:34 | Construir | Mining Camp |
| 11:57 | Investigar | Loom |
| 11:58 | Investigar | Feudal Age |
| 12:32 | Construir | Barracks |
| 13:51 | Crear | Villager (Male) |
| 13:52 | Crear | Villager (Male) |
| 13:54 | Construir | House |
| 14:09 | Construir | Mill |
| 14:55 | Edad | Edad Feudal |
| 14:58 | Investigar | Double-Bit Axe |
| 15:02 | Construir | Market |
| 15:09 | Construir | Blacksmith |
| 15:36 | Crear | Villager (Male) |
| 16:18 | Investigar | Castle Age |
| 16:27 | Investigar | Wheelbarrow |
| 16:37 | Investigar | Gold Mining |
| 16:53 | Construir | Stable |
| 17:52 | Investigar | Horse Collar |
| 17:55 | Crear | Scout Cavalry |
| 18:04 | Investigar | Town Watch |
| 18:32 | Crear | Villager (Male) |
| 18:44 | Edad | Edad de los Castillos |
| 18:46 | Construir | Town Center |
| 18:58 | Crear | Villager (Male) |
| 19:00 | Investigar | Bow Saw |
| 19:10 | Construir | Town Center |
| 19:32 | Crear | Knight |
| 19:50 | Crear | Knight |
| 20:03 | Investigar | Forging |
| 20:04 | Crear | Villager (Male) |
| 20:09 | Crear | Villager (Male) |
| 20:10 | Crear | Villager (Male) |
| 20:24 | Crear | Villager (Male) |
| 20:32 | Crear | Knight |
| 20:46 | Construir | Lumber Camp |
| 20:58 | Crear | Villager (Male) |
| 20:58 | Crear | Villager (Male) |
| 21:00 | Construir | House |
| 21:01 | Construir | House |
| 21:02 | Construir | House |
| 21:05 | Crear | Villager (Male) |
| 21:08 | Construir | Farm |
| 21:09 | Construir | Farm |
| 21:12 | Construir | Farm |
| 21:13 | Crear | Villager (Male) |
| 21:23 | Crear | Villager (Male) |
| 21:42 | Crear | Knight |
| 21:48 | Crear | Villager (Male) |
| 22:25 | Crear | Villager (Male) |
| 22:29 | Crear | Villager (Male) |
| 22:29 | Crear | Villager (Male) |
| 22:31 | Construir | Farm |
| 22:32 | Construir | Farm |
| 22:33 | Construir | Farm |
| 22:34 | Construir | Farm |
| 22:39 | Construir | Farm |
| 22:40 | Crear | Villager (Male) |
| 22:43 | Crear | Villager (Male) |
| 22:43 | Crear | Villager (Male) |
| 22:46 | Crear | Villager (Male) |
| 22:46 | Crear | Villager (Male) |
| 23:42 | Construir | Monastery |
| 23:43 | Crear | Villager (Male) |
| 23:50 | Crear | Villager (Male) |
| 23:50 | Crear | Villager (Male) |
| 23:55 | Construir | Lumber Camp |
| 23:57 | Crear | Villager (Male) |
| 23:57 | Crear | Villager (Male) |
| 23:58 | Crear | Villager (Male) |
| 23:59 | Crear | Villager (Male) |
| 24:06 | Crear | Knight |
| 24:14 | Construir | Farm |
| 24:18 | Crear | Villager (Male) |
| 24:27 | Construir | Farm |
| 24:30 | Crear | Monk |
| 24:31 | Crear | Villager (Male) |
| 24:44 | Construir | House |
| 24:45 | Construir | House |
| 24:45 | Construir | House |
| 24:49 | Crear | Villager (Male) |
| 24:50 | Crear | Villager (Male) |
| 24:51 | Crear | Knight |
| 25:03 | Construir | Farm |
| 25:18 | Crear | Monk |
| 25:36 | Crear | Knight |
| 26:06 | Crear | Knight |
| 26:13 | Crear | Villager (Male) |
| 26:16 | Crear | Villager (Male) |
| 26:17 | Crear | Villager (Male) |
| 26:19 | Construir | Farm |
| 26:20 | Construir | Farm |
| 26:21 | Construir | Farm |
| 26:22 | Construir | Farm |
| 26:23 | Construir | Farm |
| 26:24 | Construir | Farm |
| 26:26 | Construir | Farm |
| 26:31 | Crear | Villager (Male) |
| 26:31 | Crear | Villager (Male) |
| 26:31 | Crear | Villager (Male) |
| 26:33 | Crear | Villager (Male) |
| 26:38 | Construir | Lumber Camp |
| 26:41 | Crear | Villager (Male) |
| 26:54 | Crear | Monk |
| 27:00 | Construir | Stable |
| 27:01 | Construir | Stable |
| 27:02 | Construir | Stable |
| 27:06 | Construir | Outpost |
| 27:16 | Crear | Monk |
| 27:18 | Crear | Knight |
| 27:22 | Crear | Villager (Male) |
| 27:24 | Crear | Villager (Male) |
| 27:25 | Crear | Villager (Male) |
| 27:48 | Investigar | Scale Barding Armor |
| 28:08 | Crear | Villager (Male) |
| 28:11 | Construir | House |
Build order — PapaSmurf
Primeras 150 de 229 acciones detectadas
| 0:17 | Construir | House |
| 1:21 | Construir | Town Center |
| 3:04 | Investigar | Loom |
| 3:04 | Crear | Villager (Male) |
| 3:05 | Crear | Villager (Male) |
| 3:05 | Crear | Villager (Male) |
| 3:05 | Crear | Villager (Male) |
| 5:07 | Construir | House |
| 5:10 | Crear | Villager (Male) |
| 5:24 | Construir | Lumber Camp |
| 5:32 | Crear | Villager (Male) |
| 5:52 | Crear | Villager (Male) |
| 5:52 | Crear | Villager (Male) |
| 5:52 | Crear | Villager (Male) |
| 6:58 | Construir | Mill |
| 7:01 | Crear | Villager (Male) |
| 7:27 | Crear | Villager (Male) |
| 7:45 | Construir | House |
| 7:52 | Crear | Villager (Male) |
| 8:26 | Crear | Villager (Male) |
| 8:46 | Construir | Mill |
| 8:52 | Crear | Villager (Male) |
| 9:31 | Crear | Villager (Male) |
| 9:43 | Construir | House |
| 9:49 | Crear | Villager (Male) |
| 10:16 | Crear | Villager (Male) |
| 10:20 | Investigar | Feudal Age |
| 11:01 | Crear | Villager (Male) |
| 11:11 | Construir | Barracks |
| 11:32 | Construir | House |
| 11:33 | Construir | House |
| 11:33 | Construir | House |
| 12:56 | Edad | Edad Feudal |
| 12:59 | Crear | Villager (Male) |
| 13:00 | Investigar | Double-Bit Axe |
| 13:14 | Construir | Stable |
| 13:16 | Construir | House |
| 13:18 | Construir | House |
| 13:20 | Construir | House |
| 13:21 | Construir | House |
| 13:22 | Construir | House |
| 13:25 | Crear | Villager (Male) |
| 13:42 | Crear | Villager (Male) |
| 13:56 | Construir | Stable |
| 14:02 | Crear | Scout Cavalry |
| 14:05 | Crear | Villager (Male) |
| 14:23 | Construir | Mining Camp |
| 14:27 | Crear | Scout Cavalry |
| 14:39 | Crear | Scout Cavalry |
| 14:55 | Crear | Villager (Male) |
| 15:06 | Construir | Mill |
| 15:08 | Crear | Villager (Male) |
| 15:11 | Crear | Scout Cavalry |
| 15:21 | Construir | Blacksmith |
| 15:25 | Crear | Villager (Male) |
| 15:42 | Construir | Mill |
| 15:54 | Investigar | Scale Barding Armor |
| 15:54 | Investigar | Forging |
| 16:16 | Investigar | Bloodlines |
| 16:23 | Crear | Villager (Male) |
| 16:53 | Crear | Scout Cavalry |
| 17:31 | Crear | Scout Cavalry |
| 17:50 | Construir | Mining Camp |
| 18:55 | Investigar | Town Watch |
| 18:58 | Construir | Farm |
| 18:59 | Construir | Farm |
| 19:01 | Construir | Farm |
| 19:02 | Construir | Farm |
| 19:04 | Construir | Farm |
| 19:30 | Crear | Villager (Male) |
| 19:31 | Crear | Villager (Male) |
| 19:51 | Crear | Villager (Male) |
| 19:52 | Crear | Villager (Male) |
| 20:12 | Crear | Scout Cavalry |
| 20:13 | Crear | Scout Cavalry |
| 20:13 | Crear | Scout Cavalry |
| 20:13 | Crear | Scout Cavalry |
| 21:10 | Crear | Scout Cavalry |
| 21:11 | Crear | Scout Cavalry |
| 21:14 | Crear | Villager (Male) |
| 21:14 | Crear | Villager (Male) |
| 21:49 | Crear | Villager (Male) |
| 22:39 | Crear | Villager (Male) |
| 22:39 | Crear | Villager (Male) |
| 22:47 | Construir | Market |
| 23:03 | Crear | Scout Cavalry ×5 |
| 23:18 | Construir | Farm |
| 23:30 | Construir | Farm |
| 23:35 | Construir | Farm |
| 23:51 | Investigar | Castle Age |
| 24:02 | Construir | Farm |
| 24:05 | Construir | Farm |
| 24:28 | Construir | Mill |
| 26:03 | Construir | Lumber Camp |
| 26:31 | Edad | Edad de los Castillos |
| 26:34 | Investigar | Wheelbarrow |
| 26:54 | Construir | Watch Tower |
| 27:12 | Construir | House |
| 27:15 | Construir | House |
| 27:22 | Crear | Knight ×5 |
| 27:30 | Crear | Villager (Male) |
| 27:46 | Construir | Lumber Camp |
| 28:03 | Crear | Knight |
| 28:38 | Crear | Villager (Male) |
| 28:39 | Crear | Villager (Male) |
| 28:39 | Crear | Villager (Male) |
| 29:25 | Construir | Town Center |
| 29:30 | Crear | Villager (Male) |
| 29:36 | Construir | Farm |
| 30:00 | Investigar | Husbandry |
| 30:02 | Crear | Villager (Male) |
| 30:05 | Construir | Farm |
| 30:07 | Construir | Farm |
| 30:08 | Crear | Villager (Male) |
| 30:11 | Construir | Farm |
| 30:14 | Construir | Farm |
| 30:19 | Construir | Farm |
| 31:08 | Crear | Knight |
| 32:07 | Construir | Town Center |
| 32:13 | Investigar | Hand Cart |
| 32:35 | Construir | Town Center |
| 32:58 | Crear | Villager (Male) ×4 |
| 33:14 | Construir | Farm |
| 33:16 | Construir | Farm |
| 33:27 | Construir | Farm |
| 33:44 | Construir | Farm |
| 33:47 | Crear | Villager (Male) ×4 |
| 34:04 | Construir | Farm |
| 34:05 | Construir | Farm |
| 34:07 | Construir | Farm |
| 34:08 | Construir | Farm |
| 34:09 | Construir | Farm |
| 34:17 | Crear | Villager (Male) |
| 34:24 | Crear | Villager (Male) |
| 34:26 | Crear | Villager (Male) |
| 34:33 | Construir | House |
| 34:40 | Investigar | Stone Mining |
| 35:02 | Crear | Villager (Male) |
| 35:03 | Crear | Villager (Male) |
| 35:04 | Crear | Villager (Male) |
| 35:10 | Crear | Villager (Male) |
| 35:18 | Crear | Villager (Male) |
| 35:18 | Crear | Villager (Male) |
| 35:23 | Crear | Villager (Male) |
| 35:23 | Crear | Villager (Male) |
| 35:24 | Crear | Villager (Male) |
| 35:30 | Crear | Villager (Male) |
| 35:30 | Crear | Villager (Male) |
| 35:48 | Construir | Castle |
| 35:54 | Investigar | Gold Mining |
Build order — AutoEveryThing
Primeras 150 de 179 acciones detectadas
| 0:33 | Construir | Town Center |
| 2:22 | Crear | Villager (Male) |
| 2:22 | Crear | Villager (Male) |
| 2:49 | Construir | House |
| 3:09 | Crear | Villager (Male) |
| 3:39 | Crear | Villager (Male) |
| 3:42 | Crear | Villager (Male) |
| 4:12 | Crear | Villager (Male) |
| 4:38 | Construir | House |
| 4:46 | Crear | Villager (Male) |
| 5:05 | Crear | Villager (Male) |
| 5:14 | Crear | Villager (Male) |
| 5:41 | Crear | Villager (Male) |
| 5:57 | Construir | Lumber Camp |
| 6:07 | Construir | House |
| 6:47 | Crear | Villager (Male) |
| 6:48 | Crear | Villager (Male) |
| 6:48 | Crear | Villager (Male) |
| 6:49 | Crear | Villager (Male) |
| 6:49 | Crear | Villager (Male) |
| 7:29 | Crear | Villager (Male) |
| 7:51 | Crear | Villager (Male) |
| 7:53 | Construir | House |
| 8:00 | Crear | Villager (Male) |
| 8:35 | Construir | Mining Camp |
| 9:19 | Investigar | Loom |
| 9:32 | Construir | House |
| 10:16 | Investigar | Feudal Age |
| 10:17 | Investigar | Feudal Age |
| 10:51 | Construir | Barracks |
| 11:23 | Construir | House |
| 11:28 | Construir | House |
| 11:57 | Crear | Villager (Male) |
| 11:58 | Crear | Villager (Male) |
| 12:00 | Construir | House |
| 12:26 | Edad | Edad Feudal |
| 12:30 | Construir | Archery Range |
| 12:42 | Construir | Palisade Wall |
| 12:44 | Construir | Palisade Wall |
| 12:46 | Construir | Palisade Wall |
| 12:48 | Construir | Palisade Wall |
| 12:48 | Construir | Palisade Wall |
| 12:52 | Investigar | Double-Bit Axe |
| 12:53 | Crear | Villager (Male) |
| 13:13 | Crear | Archer |
| 13:26 | Construir | House |
| 13:31 | Construir | Archery Range |
| 13:33 | Crear | Archer |
| 13:36 | Crear | Spearman |
| 13:38 | Crear | Villager (Male) |
| 13:48 | Crear | Villager (Male) |
| 13:55 | Crear | Archer |
| 14:04 | Construir | House |
| 14:08 | Construir | Palisade Wall |
| 14:14 | Crear | Archer |
| 14:21 | Crear | Archer |
| 14:21 | Crear | Archer |
| 14:22 | Crear | Spearman |
| 14:31 | Construir | House |
| 14:34 | Construir | Palisade Gate |
| 14:51 | Crear | Archer ×4 |
| 14:59 | Crear | Villager (Male) |
| 15:16 | Construir | House |
| 15:27 | Crear | Villager (Male) |
| 15:27 | Crear | Villager (Male) |
| 15:39 | Construir | Blacksmith |
| 16:06 | Crear | Villager (Male) |
| 16:28 | Crear | Villager (Male) |
| 16:39 | Construir | Watch Tower |
| 16:40 | Crear | Villager (Male) |
| 16:42 | Crear | Archer ×5 |
| 16:52 | Crear | Villager (Male) |
| 17:01 | Construir | Watch Tower |
| 17:30 | Construir | House |
| 17:32 | Construir | Palisade Wall |
| 17:35 | Construir | Palisade Wall |
| 17:48 | Crear | Villager (Male) |
| 17:50 | Crear | Villager (Male) |
| 18:53 | Crear | Villager (Male) |
| 19:28 | Construir | Stone Wall |
| 19:36 | Construir | Stone Wall |
| 19:43 | Construir | Mill |
| 20:11 | Investigar | Fletching |
| 20:11 | Investigar | Fletching |
| 20:12 | Crear | Villager (Male) |
| 20:44 | Crear | Villager (Male) |
| 20:47 | Crear | Spearman |
| 20:47 | Crear | Spearman |
| 21:00 | Construir | Palisade Wall |
| 21:10 | Crear | Villager (Male) |
| 21:14 | Crear | Archer ×3 |
| 21:46 | Crear | Villager (Male) |
| 21:56 | Construir | Stone Wall |
| 22:02 | Construir | Stone Wall |
| 22:03 | Construir | Stone Wall |
| 22:15 | Crear | Villager (Male) |
| 22:18 | Construir | Stone Wall |
| 22:30 | Crear | Archer ×3 |
| 22:43 | Construir | House |
| 23:16 | Crear | Archer |
| 23:17 | Crear | Archer |
| 23:45 | Construir | Market |
| 25:38 | Investigar | Castle Age |
| 25:38 | Investigar | Castle Age |
| 26:46 | Crear | Archer |
| 27:04 | Construir | House |
| 28:18 | Edad | Edad de los Castillos |
| 28:21 | Investigar | Bodkin Arrow |
| 28:21 | Investigar | Bodkin Arrow |
| 28:25 | Investigar | Crossbowman (upgrade) |
| 28:26 | Investigar | Crossbowman (upgrade) |
| 29:21 | Crear | Archer ×5 |
| 29:21 | Crear | Archer ×5 |
| 29:22 | Crear | Villager (Male) |
| 29:41 | Construir | Mining Camp |
| 29:46 | Construir | Mining Camp |
| 30:37 | Crear | Archer |
| 30:38 | Crear | Archer |
| 31:12 | Crear | Archer |
| 31:27 | Crear | Archer |
| 31:27 | Crear | Archer |
| 32:08 | Crear | Archer ×4 |
| 32:15 | Construir | Town Center |
| 32:18 | Construir | Town Center |
| 32:45 | Crear | Archer |
| 32:46 | Crear | Archer |
| 33:18 | Crear | Archer ×3 |
| 33:34 | Crear | Archer |
| 33:49 | Crear | Villager (Male) |
| 33:52 | Crear | Archer ×3 |
| 34:16 | Construir | Archery Range |
| 34:25 | Crear | Archer |
| 34:26 | Crear | Archer |
| 34:47 | Crear | Archer |
| 34:48 | Crear | Archer |
| 35:10 | Crear | Archer |
| 35:10 | Crear | Archer |
| 35:11 | Crear | Archer |
| 35:11 | Crear | Archer |
| 35:23 | Investigar | Padded Archer Armor |
| 35:23 | Investigar | Padded Archer Armor |
| 35:30 | Crear | Archer |
| 35:55 | Crear | Archer ×2 |
| 36:21 | Construir | Siege Workshop |
| 36:24 | Crear | Archer |
| 36:46 | Crear | Archer ×3 |
| 36:58 | Crear | Archer |
| 37:08 | Crear | Villager (Male) |
| 37:12 | Construir | House |
| 37:16 | Construir | House |
Cronología de la partida
| 10:36 | el pepe · wall_segment Palisade Wall x33 |
| 10:50 | el pepe · wall_segment Palisade Wall x1 |
| 10:51 | el pepe · wall_segment Palisade Wall x1 |
| 10:51 | AutoEveryThing · first_building Barracks |
| 10:52 | el pepe · wall_segment Palisade Wall x1 |
| 10:53 | el pepe · wall_segment Palisade Wall x1 |
| 11:11 | PapaSmurf · first_building Barracks |
| 11:57 | el pepe · wall_segment Palisade Wall x1 |
| 12:04 | el pepe · wall_segment Palisade Wall x11 |
| 12:26 | AutoEveryThing · age_up feudal |
| 12:30 | AutoEveryThing · first_building Archery Range |
| 12:32 | El kaiser · first_building Barracks |
| 12:33 | el pepe · wall_segment Palisade Wall x7 |
| 12:38 | el pepe · wall_segment Palisade Wall x7 |
| 12:42 | AutoEveryThing · wall_segment Palisade Wall x2 |
| 12:44 | AutoEveryThing · wall_segment Palisade Wall x1 |
| 12:46 | AutoEveryThing · wall_segment Palisade Wall x1 |
| 12:48 | AutoEveryThing · wall_segment Palisade Wall x1 |
| 12:48 | AutoEveryThing · wall_segment Palisade Wall x1 |
| 12:56 | PapaSmurf · age_up feudal |
| 13:10 | el pepe · wall_segment Palisade Wall x1 |
| 13:12 | el pepe · wall_segment Palisade Wall x1 |
| 13:14 | PapaSmurf · first_building Stable |
| 14:08 | AutoEveryThing · wall_segment Palisade Wall x7 |
| 14:28 | el pepe · age_up feudal |
| 14:55 | El kaiser · age_up feudal |
| 16:17 | El kaiser · first_market_sell 100 food |
| 16:53 | El kaiser · first_building Stable |
| 17:32 | AutoEveryThing · wall_segment Palisade Wall x3 |
| 17:35 | AutoEveryThing · wall_segment Palisade Wall x1 |
| 18:34 | el pepe · age_up castle |
| 18:44 | El kaiser · age_up castle |
| 19:28 | AutoEveryThing · wall_segment Stone Wall x5 |
| 19:36 | AutoEveryThing · wall_segment Stone Wall x1 |
| 20:24 | el pepe · first_building Castle |
| 21:00 | AutoEveryThing · wall_segment Palisade Wall x3 |
| 21:56 | AutoEveryThing · wall_segment Stone Wall x1 |
| 22:02 | AutoEveryThing · wall_segment Stone Wall x1 |
| 22:03 | AutoEveryThing · wall_segment Stone Wall x1 |
| 22:18 | AutoEveryThing · wall_segment Stone Wall x3 |
| 23:42 | El kaiser · first_building Monastery |
| 25:26 | AutoEveryThing · first_market_sell 500 wood |
| 25:28 | AutoEveryThing · first_market_buy 100 food |
| 26:31 | PapaSmurf · age_up castle |
| 28:18 | AutoEveryThing · age_up castle |
| 34:17 | El kaiser · first_building Castle |
| 34:27 | el pepe · first_building Barracks |
| 34:45 | PapaSmurf · first_market_sell 100 wood |
| 34:46 | PapaSmurf · first_market_buy 100 stone |
| 35:35 | El kaiser · tribute_sent a jugador 2 |
| 35:35 | El kaiser · tribute_sent a jugador 3 |
| 35:35 | El kaiser · tribute_sent a jugador 4 |
| 35:48 | PapaSmurf · first_building Castle |
| 36:12 | PapaSmurf · first_building Monastery |
| 36:21 | AutoEveryThing · first_building Siege Workshop |
| 38:00 | el pepe · age_up imperial |
| 38:33 | El kaiser · first_building Siege Workshop |
| 39:00 | El kaiser · first_market_buy 100 stone |
| 39:49 | AutoEveryThing · first_building Castle |
| 41:07 | AutoEveryThing · wall_segment Palisade Wall x1 |
| 42:34 | el pepe · first_market_sell 100 wood |
| 46:43 | PapaSmurf · first_building Siege Workshop |
| 47:33 | el pepe · resign |
[ ANÁLISIS IA · 1 CRÉDITO ]
¿Qué pasó realmente en esta partida?
Wolo.gg analiza cada decisión: build order, eco, micro, errores típicos por bracket. Análisis personalizado por WhatsApp o Discord en 30 segundos.
Guía civ
Celtas
Guía mapa
African Clearing
Perfil
Jugador #17213347